 Dungeon Crawl Stone Soup version 0.26.1-2-gb8aa6d0cf2 (webtiles) character file.

Game seed: 16544389169885815341

108 Groucho the Sneak (level 4, -6/28 HPs)
             Began as an Octopode Transmuter on Feb 22, 2021.
             Killed from afar by Ijyb (12 damage)
             ... with an iceblast
             ... on level 3 of the Dungeon.
             The game lasted 00:03:38 (3675 turns).

Groucho the Sneak (Octopode Transmuter)             Turns: 3675, Time: 00:03:39

Health: -6/28      AC:  1    Str:  9    XL:     4   Next: 87%
Magic:  7/7        EV: 13    Int: 16    God:
Gold:   143        SH:  0    Dex: 12    Spells: 6/7 levels left

rFire    . . .     SeeInvis .     - Unarmed
rCold    . . .     Faith    .   (no shield)
rNeg     . . .     Spirit   .   (helmet restricted)
rPois    .         Reflect  .   (no amulet)
rElec    .         Harm     .   (no ring)
rCorr    .         Rampage  .   (no ring)
Will     .....                  (no ring)
Stlth    ++++......             (no ring)
HPRegen  0.09/turn              (no ring)
MPRegen  0.10/turn              (no ring)
                                (no ring)
                                (no ring)

@: no status effects
A: almost no armour, stealthy swim, amphibious, 8 rings, constrict 8, camouflage
1, gelatinous body 1
a: no special abilities


You were on level 3 of the Dungeon.
You visited 1 branch of the dungeon, and saw 3 of its levels.

You collected 143 gold pieces.

Inventory:

Hand Weapons
 e - a +0 dagger of freezing
Missiles
 l - 13 poisoned darts
Jewellery
 b - an uncursed ring of protection from fire {unknown}
 h - an uncursed ring of fire {unknown}
Wands
 f - a wand of flame (26)
Scrolls
 d - 2 scrolls of identify {unknown}
 g - 2 scrolls of fog {unknown}
 j - a scroll of blinking {unknown}
 k - a scroll of amnesia {unknown}
 m - a scroll of enchant armour {unknown}
Potions
 a - a potion of curing {unknown}
 c - a potion of ambrosia {unknown}
 i - a potion of heal wounds {unknown}


   Skills:
 - Level 1.0 Fighting
 - Level 2.0 Dodging
 + Level 6.3 Stealth
 - Level 3.0 Unarmed Combat
 - Level 2.0 Spellcasting
 - Level 2.0 Transmutations


You had 6 spell levels left.
You knew the following spells:

 Your Spells              Type           Power        Failure   Level
a - Beastly Appendage     Tmut           16%          9%          1

Your spell library contained the following spells:

 Spells                   Type           Power        Failure   Level
 Wereblood                Tmut           8%           14%         2
 Spider Form              Tmut/Pois      2%           38%         3
 Ice Form                 Ice/Tmut       4%           80%         4
 Blade Hands              Tmut           4%           94%         5


Dungeon Overview and Level Annotations

Branches:
Dungeon (3/15)

Altars:
Ashenzari
Cheibriados
Dithmenos
Hepliaklqana
Nemelex Xobeh
Qazlal
Uskayaw

Annotations:
D:3 Ijyb


Innate Abilities, Weirdness & Mutations

You cannot wear most types of armour.
You are very stealthy in the water. (Stealth+)
You are amphibious.
You can wear up to eight rings at the same time.
You can use your tentacles to constrict eight enemies at once.
Your skin changes colour to match your surroundings (Stealth+).
Your rubbery body absorbs attacks. (AC +1, EV +1)


Message History

There is a stone staircase leading down here.
You climb downwards.
There is a stone staircase leading up here.
Casting: Beastly Appendage (safe; 9% risk of failure)
Confirm with . or Enter, or press ? or * to list all spells.
You miscast Beastly Appendage.
You are very lightly contaminated with residual magic.
Nothing appears to happen.
Your magical contamination has completely faded away.
Magic restored.
Found a leather armour.
Ijyb the Twisted Goblin comes into view.
She is wielding a +0 dagger and carrying a wand of iceblast (8).
Ijyb shouts!
Ijyb zaps a wand.
The mass of ice explodes!
The iceblast engulfs you!
Ijyb zaps a wand.
The mass of ice explodes!
The iceblast engulfs you!
* * * LOW HITPOINT WARNING * * *
There is a stone staircase leading up here.
Unknown command.
Ijyb zaps a wand.
The mass of ice explodes!
The iceblast engulfs you!
You die...

### # #.#
#.#..
#[#.######.
#..........
#g# #.#
#########.#
#....@..g.#
#.#########


You could see Ijyb.

Vanquished Creatures
  Terence (D:2)
  2 adders (D:2)
  A worm (D:2)
  A dart slug (D:2)
  A leopard gecko (D:1)
  2 giant cockroaches (D:2)
  12 goblins
  3 hobgoblins (D:2)
  6 jackals
  2 ball pythons
  6 bats
  3 frilled lizards (D:1)
  12 kobolds
  8 rats
60 creatures vanquished.

Notes
Turn   | Place    | Note
-------+----------+-------------------------------------------
     0 | D:1      | Groucho the Octopode Transmuter began the quest for the
                  | Orb.
     0 | D:1      | Reached XP level 1. HP: 13/13 MP: 3/3
    30 | D:1      | Reached skill level 1 in Stealth
   211 | D:1      | Reached skill level 2 in Stealth
   217 | D:1      | Reached XP level 2. HP: 17/18 MP: 5/5
   243 | D:1      | Reached skill level 3 in Stealth
   982 | D:1      | Reached XP level 3. HP: 23/23 MP: 4/6
  1100 | D:1      | Reached skill level 4 in Stealth
  1381 | D:2      | Found a broken altar of Ashenzari.
  1381 | D:2      | Noticed Terence
  1387 | D:2      | Killed Terence
  1388 | D:2      | Reached skill level 5 in Stealth
  1411 | D:2      | Reached XP level 4. HP: 23/28 MP: 5/7
  2217 | D:2      | Reached skill level 6 in Stealth
  3063 | D:2      | Found a hazy altar of Hepliaklqana.
  3063 | D:2      | Found a hide-covered altar of Uskayaw.
  3064 | D:2      | Found a sparkling altar of Nemelex Xobeh.
  3065 | D:2      | Found a shadowy altar of Dithmenos.
  3065 | D:2      | Found a stormy altar of Qazlal.
  3631 | D:2      | Found a snail-covered altar of Cheibriados.
  3668 | D:3      | Noticed Ijyb
  3675 | D:3      | Killed from afar by Ijyb

Illustrated notes

Levels and vault maps discovered:
D:1:      minmay_arrival_floating_metal, layout_basic, minmay_tetromino_l4
D:2:      minmay_kobold_bridge, layout_basic, lemuel_coloured_pillars_altar,
          ashenzari_altar_1, grunt_temple_overflow_open, uniq_terence
D:3:      layout_basic, uniq_ijyb

Skill      XL: |  1  2  3  4 |
---------------+-------------+-----
Stealth        | 2 3 5 6 |  6.3
Fighting       | |  1.0
Dodging        | |  2.0
Unarmed Combat | |  3.0
Spellcasting   | |  2.0
Transmutations | |  2.0

Action                   |  1- 3 |  4- 6 || total
-------------------------+-------+-------++-------
Melee: Unarmed           |    75 |    57 ||   132
       Constrict         |    17 |    18 ||    35
       Tentacles         |     9 |    10 ||    19
       Punch             |     2 |       ||     2
       Kick              |     4 |     9 ||    13
 Cast: Beastly Appendage |     4 |    13 ||    17
 Stab: Sleeping          |     6 |     2 ||     8
Armor: Skin              |     9 |     5 ||    14
Dodge: Dodged            |    52 |    25 ||    77
